 Dungeon Crawl Stone Soup version 0.27.0-1-g7a089689b8 (webtiles) character file.

Game seed: 6170697264435418705

742 shadowrider38 the Basher (level 7, -5/41 HPs)
             Began as a Gargoyle Fighter on Aug 4, 2021.
             Slain by shadowrider38's ghost (14 damage)
             ... on level 3 of the Dungeon.
             The game lasted 00:13:56 (5391 turns).

shadowrider38 the Basher (Gargoyle Fighter)         Turns: 5391, Time: 00:13:57

Health: -5/41      AC: 14    Str: 22    XL:     7   Next: 76%
Magic:  7/7        EV:  5    Int:  8    God:
Gold:   162        SH:  9    Dex:  9    Spells: 6/6 levels left

rFire    . . .     SeeInvis +   a - +0 flail
rCold    . . .     Faith    .   c - +0 kite shield
rNeg     + . .     Spirit   .   f - +0 chain mail
rPois    ∞         Reflect  .   (no helmet)
rElec    +         Harm     .   (no cloak)
rCorr    .         Rampage  .   (no gloves)
Will     .....                  (no boots)
Stlth    ..........             (no amulet)
HPRegen  0.13/turn              n - ring of see invisible
MPRegen  0.10/turn              (no ring)

@: studying Crossbows
A: sickness immunity, AC +4, negative energy resistance 1, electricity
resistance, torment resistance 1, petrification resistance
a: no special abilities


You were on level 3 of the Dungeon.
You visited 1 branch of the dungeon, and saw 5 of its levels.

You collected 162 gold pieces.

Inventory:

Hand Weapons
 a - a +0 flail (weapon)
Missiles
 e - 2 atropa-tipped darts
 h - 8 poisoned darts (quivered)
 l - 145 stones
Armour
 c - a +0 kite shield (worn)
 f - a +0 chain mail (worn)
Jewellery
 n - a ring of see invisible (left hand)
Wands
 o - a wand of polymorph (5)
Scrolls
 b - a scroll of magic mapping {unknown}
 d - a scroll of blinking {unknown}
 i - a scroll of amnesia {unknown}
 j - a scroll of noise {unknown}
 k - a scroll of identify {unknown}
 m - a scroll of fear {unknown}
 q - a scroll of fog {unknown}
 t - a scroll of teleportation {unknown}
Potions
 g - a potion of heal wounds {unknown}
 p - a potion of resistance {unknown}
 r - a potion of attraction {unknown}
 s - 2 potions of haste {unknown}


   Skills:
 - Level 3.4 Fighting
 * Level 8.4 Maces & Flails
 - Level 3.4 Armour
 - Level 3.4 Shields


You had 6 spell levels left.
You didn't know any spells.
Your spell library contained the following spells:

 Spells                   Type           Power      Damage    Failure   Level
 Magic Dart               Conj           0%         1d3       100%        1
 Call Imp                 Summ           0%         N/A       100%        2
 Gell's Gravitas          Tloc           0%         N/A       100%        3
 Lesser Beckoning         Tloc           0%         N/A       100%        3
 Mephitic Cloud           Conj/Pois/Air  0%         N/A       100%        3
 Teleport Other           Tloc           0%         N/A       100%        3


Dungeon Overview and Level Annotations

Branches:
Dungeon (5/15)
 Temple: D:4-7

Altars:
Ashenzari
Xom

Annotations:
D:3 shadowrider38's ghost, novice DDFi
D:4 ZARRMARR's ghost, amateur HOMo


Innate Abilities, Weirdness & Mutations

You are immune to sickness and miasma.
Your stone body is resilient. (AC +4)
You are immune to poison.
You resist negative energy. (rN+)
You are resistant to electric shocks. (rElec)
You are resistant to unholy torment.
You are immune to petrification.


Message History

Shadowrider38's ghost is heavily damaged.
Shadowrider38's ghost hits you but does no damage.
Shadowrider38's ghost hits you.
You hit shadowrider38's ghost.
Shadowrider38's ghost is heavily damaged.
You block shadowrider38's ghost's attack.
You hit shadowrider38's ghost but do no damage.
Shadowrider38's ghost is heavily damaged.
You block shadowrider38's ghost's attack.
You hit shadowrider38's ghost but do no damage.
Shadowrider38's ghost is heavily damaged.
You block shadowrider38's ghost's attack.
You hit shadowrider38's ghost but do no damage.
Shadowrider38's ghost is heavily damaged.
Shadowrider38's ghost hits you but does no damage.
You hit shadowrider38's ghost but do no damage.
Shadowrider38's ghost is heavily damaged.
Shadowrider38's ghost hits you but does no damage. x2
You hit shadowrider38's ghost but do no damage.
Shadowrider38's ghost is heavily damaged.
Shadowrider38's ghost hits you!
* * * LOW HITPOINT WARNING * * *
You hit shadowrider38's ghost.
Shadowrider38's ghost is heavily damaged.
You block shadowrider38's ghost's attack.
You hit shadowrider38's ghost but do no damage.
Shadowrider38's ghost is heavily damaged.
You block shadowrider38's ghost's attack.
You hit shadowrider38's ghost.
Shadowrider38's ghost is severely damaged.
Shadowrider38's ghost hits you.
* * * LOW HITPOINT WARNING * * *
Shadowrider38's ghost hits you but does no damage.
You barely miss shadowrider38's ghost.
Shadowrider38's ghost is heavily damaged.
Shadowrider38's ghost hits you but does no damage.
You hit shadowrider38's ghost but do no damage.
Shadowrider38's ghost is heavily damaged.
Shadowrider38's ghost hits you!
You die...

###.#
#.####......##.####.#
.#..# #..# ####......#
#.# ...#### ##.# #####..#
#.# ......# #.#
########## #.## #####.#
#.# #.....# #..# ....#.#
#.####.....# ##.# ......#
#.#........# #.#
......#####.#.##W....#
######.##
####..##........@....#
#.......#
......##.#.##.##.#####
#.####>.#
####.###.#.##.##.#
#.####..# #
#..........##.####
#.##....# #
#####.#[....#.##.##
#.##.##.#
#.#.###.#.#.#.###.##.##.#
#.#.# #....###.##.......#
#...###.#.## ##......####
###.....##.###.#######


You could see shadowrider38's ghost.

Vanquished Creatures
  Sigmund (D:2)
  An ice beast (D:5)
  A kobold brigand (D:4)
  A scorpion (D:4)
  2 hounds
  An orc priest (D:4)
  A centaur skeleton (D:4)
  4 gnolls
  2 howler monkey skeletons (D:4)
  9 adders
  A white imp (D:5)
  An adder skeleton (D:4)
  A worm (D:3)
  A dart slug (D:4)
  4 orcs
  11 ball pythons
  10 endoplasms
  6 giant cockroaches
  2 goblins (D:2)
  8 hobgoblins
  12 jackals
  A quokka (D:4)
  4 bats
  2 frilled lizards (D:3)
  11 kobolds
  5 rats
103 creatures vanquished.

Notes
Turn   | Place    | Note
-------+----------+-------------------------------------------
     0 | D:1      | shadowrider38 the Gargoyle Fighter began the quest for the
                  | Orb.
     0 | D:1      | Reached XP level 1. HP: 14/14 MP: 1/1
   561 | D:1      | Reached XP level 2. HP: 19/19 MP: 2/2
   588 | D:1      | You fall into a shaft and drop 1 floor!
   937 | D:1      | Reached XP level 3. HP: 23/23 MP: 3/3
   944 | D:1      | Reached skill level 3 in Maces & Flails
  1864 | D:2      | Reached XP level 4. HP: 28/28 MP: 4/4
  1885 | D:2      | Reached skill level 4 in Maces & Flails
  1902 | D:2      | Noticed Sigmund
  1924 | D:2      | Killed Sigmund
  1925 | D:2      | Reached skill level 5 in Maces & Flails
  1925 | D:2      | Reached XP level 5. HP: 11/32 MP: 5/5
  1925 | D:2      | Reached XP level 6. HP: 13/37 MP: 6/6
  2456 | D:3      | Reached skill level 6 in Maces & Flails
  2571 | D:3      | Found a broken altar of Ashenzari.
  3287 | D:3      | Found a shimmering altar of Xom.
  3468 | D:4      | Identified the +6 dagger "Tuessoen" {drain, Dex+6}
  3701 | D:4      | Found a runed translucent gate.
  3701 | D:4      | Found a runed translucent gate.
  3701 | D:4      | Found a runed translucent gate.
  3702 | D:4      | Noticed shadowrider38's ghost (novice DDFi)
  3703 | D:4      | Noticed ZARRMARR's ghost (amateur HOMo)
  3750 | D:4      | Reached skill level 7 in Maces & Flails
  3750 | D:4      | Reached XP level 7. HP: 38/41 MP: 7/7
  3776 | D:4      | You fall into a shaft and drop 1 floor!
  3776 | D:5      | Entered Level 5 of the Dungeon
  3837 | D:4      | Reached skill level 8 in Maces & Flails
  5077 | D:3      | HP: 2/41 [shadowrider38's ghost (8)]
  5391 | D:3      | Slain by shadowrider38's ghost

Illustrated notes

Levels and vault maps discovered:
D:1:      doesnt_arrival_eight_statues, layout_loops_ring
D:2:      minmay_alternating_diamond, layout_loops_cross, uniq_sigmund
D:3:      minmay_evil_eye, layout_loops_cross, cheibrodos_ashenzari_chains,
          lemuel_coloured_pillars_altar, serial_glass, glass_columns_b,
          glass_columns_b, minmay_strange_pillars
D:4:      layout_basic, gammafunk_ghost_cemetery
D:5:      kennysheep_six_static_rooms, layout_loops_ring,
          mainiacjoe_overflow_alcove_4

Skill      XL: |  1  2  3  4  5  6  7 |
---------------+----------------------+-----
Maces & Flails | 3 5 7 8 |  8.4
Fighting       | |  3.4
Armour         | |  3.4
Shields        | |  3.4

Action                   |  1- 3 |  4- 6 |  7- 9 || total
-------------------------+-------+-------+-------++-------
Melee: Flail             |    90 |   191 |   103 ||   384
Throw: Dart              |    35 |    46 |    21 ||   102
  Use: Potion            |       |     1 |       ||     1
 Stab: Confused          |     1 |       |       ||     1
Armor: Chain mail        |    48 |   113 |    59 ||   220
       Scale mail        |     1 |       |       ||     1
Dodge: Dodged            |    21 |    47 |    23 ||    91
Block: Kite shield       |    45 |    92 |    51 ||   188
